 Dungeon Crawl Stone Soup version 0.31-a0-1074-g0b22e4e0f1 (webtiles) character file.

Game seed: 13436371193500991482

32 Dittersdorf the Trooper (level 3, -4/24 HPs)
             Began as a Gargoyle Fighter on Nov 30, 2023.
             Slain by Sigmund
             ... wielding a +3 vampiric scythe
              (7 damage)
             ... on level 2 of the Dungeon.
             The game lasted 00:01:21 (883 turns).

Dittersdorf the Trooper (Gargoyle Fighter)           Turns: 883, Time: 00:01:22

Health: -4/24      AC: 13    Str: 21    XL:     3   Next: 27%
Magic:  3/3        EV:  7    Int:  8    God:
Gold:   67         SH:  4    Dex:  9    Spells: 2/2 levels left

rFire   . . .        a - +0 flail
rCold   . . .        c - +0 buckler
rNeg    + . .        n - +0 chain mail
rPois   ∞            (no helmet)
rElec   +            m - +0 cloak
rCorr   .            (no gloves)
SInv    .            (no boots)
Will    .....        i - amulet of regeneration Stlth
                     (no ring)
HPRegen 1.04/turn    (no ring)
MPRegen 0.08/turn

%: no passive effects
@: no status effects
A: sickness immunity, AC +3, negative energy resistance 1, electricity
resistance, torment resistance 1, petrification resistance
a: no special abilities


You were on level 2 of the Dungeon.
You visited 1 branch of the dungeon, and saw 2 of its levels.

You collected 67 gold pieces.

Inventory:

Hand Weapons
 a - a +0 flail (weapon)
Armour
 c - a +0 buckler (worn)
 m - a +0 cloak (worn)
 n - a +0 chain mail (worn)
Jewellery
 i - an amulet of regeneration (around neck)
Scrolls
 e - a scroll of poison {unknown}
 g - a scroll of amnesia {unknown}
 l - a scroll of enchant weapon {unknown}
Potions
 d - a potion of might
 f - a potion of magic {unknown}
 j - a potion of brilliance {unknown}
 k - a potion of mutation {unknown}


   Skills:
 + Level 3.7 Fighting
 + Level 2.5 Maces & Flails
 + Level 3.6 Armour
 + Level 3.6 Shields


You had 2 spell levels left.
You didn't know any spells.
Your spell library contained the following spells:

 Spells                   Type           Power      Damage    Failure   Level
 Tukima's Dance           Hex            0%         N/A       100%        3
 Dimensional Bullseye     Hex/Tloc       0%         N/A       100%        4
 Iskenderun's Mystic Bla  Conj/Tloc      0%         2d3       100%        4


Dungeon Overview and Level Annotations

Branches:
Dungeon (2/15)

Altars:

Annotations:
D:2 Sigmund


Innate Abilities, Weirdness & Mutations

You are immune to sickness and miasma.
Your stone body is resilient. (AC +3)
You are immune to poison.
You resist negative energy. (rN+)
You are resistant to electric shocks. (rElec)
You are resistant to unholy torment.
You are immune to petrification.


Message History

Aim: Sigmund, wielding a +3 vampiric scythe and wearing a +0 robe (very poisoned, 45% to hit)
You throw a poisoned dart.
The poisoned dart barely misses Sigmund.
Sigmund points at you and mumbles some strange words.
The puff of flame hits you.
A quokka comes into view.
Sigmund hits you with a +3 vampiric scythe.
You barely miss Sigmund.
Sigmund is lightly wounded.
Sigmund hits you but does no damage.
You hit Sigmund.
Sigmund is moderately wounded.
You barely miss Sigmund.
Sigmund is moderately wounded.
Sigmund hits you with a +3 vampiric scythe.
You sock Sigmund!
Sigmund is severely wounded.
Sigmund casts a spell at you.
You are confused.
The quokka bites you but does no damage.
Sigmund hits you but does no damage.
You barely miss Sigmund.
Sigmund is severely wounded.
The quokka bites you.
The quokka bites you but does no damage.
Sigmund hits you with a +3 vampiric scythe!
The quokka closely misses you.
You bump into the rock wall.
The quokka barely misses you. Sigmund barely misses you. The quokka bites you.
You feel less confused.
Sigmund hits you with a +3 vampiric scythe!
* * * LOW HITPOINT WARNING * * *
You see here 2 poisoned darts.
You barely miss Sigmund.
Sigmund is almost dead.
You block the quokka's attack.
Sigmund hits you with a +3 vampiric scythe!
You die...
Sigmund begins carving another notch in his scythe.

#.# #..............#
# ###
#.........<...[#"##.#
#
#...................#
#..............#....#
#######(.(...>.####.#
#........# #
#..?.....#
#...(....####.#
###..@r..?....# #####
#...@.###### ....#
##.....####### ....#
..............# ....#
.........#####.#
....# ..........# #.#
....# .....#+#... #.#
....# . ..... #.##.
#.# ....#.. .. #. #>#


You could see Sigmund (poisoned) and a quokka.

Vanquished Creatures
  An adder (D:2)
  An endoplasm (D:1)
  4 giant cockroaches (D:1)
  3 goblins (D:1)
  A hobgoblin (D:1)
  2 quokkas (D:1)
  2 ball pythons (D:1)
  2 bats (D:1)
  2 frilled lizards
  A kobold (D:2)
  4 rats (D:1)
23 creatures vanquished.

Notes
Turn   | Place    | Note
-------+----------+-------------------------------------------
     0 | D:1      | Dittersdorf the Gargoyle Fighter began the quest for the
                  | Orb.
     0 | D:1      | Reached XP level 1. HP: 14/14 MP: 1/1
   134 | D:1      | Reached XP level 2. HP: 19/19 MP: 2/2
   775 | D:2      | Reached XP level 3. HP: 24/24 MP: 3/3
   808 | D:2      | Noticed Sigmund
   883 | D:2      | Slain by Sigmund

Illustrated notes

Levels and vault maps discovered:
D:1:      lightli_arrival_statue_moat, layout_loops_cross, minmay_pentomino_p4
D:2:      wad_crossroads, layout_basic, serial_corexii_hall,
          corexii_hall_statues_x, chequers_hall_statues_y, uniq_natasha,
          uniq_sigmund

Action                     || total
---------------------------++-------
  Melee: Flail             ||    96
  Throw: Dart              ||     6
 Armour: Scale mail        ||    76
         Chain mail        ||    18
  Dodge: Dodged            ||    46
  Block: Buckler           ||    16

Table legend: (Time is in decaauts)
 A = Elapsed time spent in this place.
 B = Non-inter-level travel time spent in this place.
 C = Inter-level travel time spent in this place.
 D = Time resting spent in this place.
 E = Time spent auto-exploring this place.
 F = Levels seen in this place.
 G = Mean time per level.
                   A        B        C        D        E       F      G
               +--------+--------+--------+--------+--------+-----+--------+
         Total |    913 |    847 |     66 |      0 |    580 |   2 |  456.5 |
       Dungeon |    913 |    847 |     66 |      0 |    580 |   2 |  456.5 |
               +--------+--------+--------+--------+--------+-----+--------+

Top non-repeatable levels by time:
     D:1: 746 daAuts
     D:2: 167 daAuts
